 Dungeon Crawl Stone Soup version 0.31-a0-986-g5e6e4ef867 (webtiles) character file.

Game seed: 6367144488926403316

286522 pokeman the Archmage (level 19, 0/108 HPs)
             Began as a Deep Elf Hedge Wizard on Nov 3, 2023.
             Was the Champion of Vehumet.
             Slain by a spark wasp (7 damage)
             ... on level 2 of the Depths.
             The game lasted 02:19:30 (53599 turns).

pokeman the Archmage (Deep Elf Hedge Wizard)       Turns: 53599, Time: 02:19:31

Health: 0/108      AC: 20    Str:  9    XL:     19   Next: 83%
Magic:  44/61      EV: 11    Int: 33    God:    Vehumet [******]
Gold:   3574       SH:  6    Dex: 18    Spells: 6/72 levels left

rFire   + + .        V - staff of conjuration
rCold   . . .        A - +0 buckler
rNeg    + + +        k - +4 ring mail {rF+}
rPois   +            T - +0 helmet "Amugh" {rElec}
rElec   +            Q - +2 ratskin cloak {*Rats rPois rN+ Str-1 Int-1 Dex+1}
rCorr   .            Y - +1 pair of gloves {Dex+3}
SInv    +            M - +1 pair of boots {Fly}
Will    ++++.        F - amulet of the Four Winds {rN+ Will+++ Clar}
Stlth   +            v - +6 ring of intelligence
HPRegen 0.38/turn    G - ring of Qaukhleke {rF+ rN++ MP+9 Str+3 Stlth-}
MPRegen 0.37/turn

%: clarity
@: flying
A: see invisible
}: 2/15 runes: barnacled, gossamer
a: Renounce Religion


You were on level 2 of the Depths.
You worshipped Vehumet.
Vehumet was exalted by your worship.
You visited 8 branches of the dungeon, and saw 36 of its levels.
You also visited: Bailey and Ice Cave.

You collected 5193 gold pieces.
You spent 1619 gold pieces at shops.

Inventory:

Hand Weapons
 I - the +1 demon whip of Absolution {vamp, *Corrode rF++}
   (You took it off a deep elf demonologist on level 3 of the Elven Halls)

   rF++:      It greatly protects you from fire.
   *Corrode:  It may corrode you when you take damage.
Missiles
 x - 5 throwing nets
 L - 25 curare-tipped darts
Armour
 k - a +4 ring mail of fire resistance (worn)
 p - a +2 leather armour of fire resistance
 A - a +0 buckler (worn)
 M - a +1 pair of boots of flying (worn)
 Q - the +2 ratskin cloak (worn) {*Rats rPois rN+ Str-1 Int-1 Dex+1}
   (You found it on level 8 of the Dungeon)

   *Rats:     When the wearer is hurt, rats may emerge from it to assist them.
   Str-1:     It affects your strength (-1).
   Int-1:     It affects your intelligence (-1).
   Dex+1:     It affects your dexterity (+1).
   rPois:     It protects you from poison rN+: It protects you from negative
   energy.
 T - the +0 helmet "Amugh" (worn) {rElec}
   (You found it on level 3 of the Elven Halls)

   rElec:     It insulates you from electricity.
 Y - a +1 pair of gloves of dexterity (worn)
Magical Staves
 V - a staff of conjuration (weapon)
Jewellery
 g - a +4 ring of protection
 v - a +6 ring of intelligence (left hand)
 B - the ring "Curch" {Fly rF+ Str+2}
   (You bought it in a shop on level 2 of the Orcish Mines)

   [ring of flight]

   Str+2:     It affects your strength (+2).
   rF+:       It protects you from fire.
   Fly:       It grants you flight.
 F - the amulet of the Four Winds (around neck) {rN+ Will+++ Clar}
   (You bought it in a shop on level 2 of the Orcish Mines)

   [amulet of nothing]

   rN+:       It protects you from negative energy.
   Will+++:   It greatly increases your willpower.
   Clar:      It protects you from confusion, rage, mesmerisation and fear.
 G - the ring of Qaukhleke (right hand) {rF+ rN++ MP+9 Str+3 Stlth-}
   (You took it off a deep elf demonologist on level 3 of the Elven Halls)

   [ring of magical power]

   Str+3:     It affects your strength (+3).
   rF+:       It protects you from fire.
   rN++:      It greatly protects you from negative energy.
   MP+9:      It affects your magic capacity (+9).
   Stlth-:    It makes you less stealthy.
Wands
 f - a wand of digging (4)
 i - a wand of mindburst (7)
 t - a wand of charming (5)
 w - a wand of quicksilver (16)
Scrolls
 e - a scroll of amnesia
 h - 18 scrolls of teleportation
 m - a scroll of fear
 n - 4 scrolls of blinking
 o - a scroll of summoning
 q - a scroll of enchant weapon
 H - 3 scrolls of revelation
Potions
 a - 6 potions of haste
 b - 7 potions of heal wounds
 d - 4 potions of magic
 j - 21 potions of curing
 l - a potion of mutation
 r - a potion of brilliance
 s - a potion of might
Miscellaneous
 c - a box of beasts
 D - a tin of tremorstones (2/2)
 N - a phantom mirror


   Skills:
 + Level 8.9 Fighting
 - Level 9.4 Armour
 - Level 3.0 Dodging
 - Level 3.0 Stealth
 - Level 7.0 Shields
 O Level 27 Spellcasting
 * Level 20.1 Conjurations
 - Level 1.1 Summonings
 - Level 1.1 Necromancy
 - Level 1.1 Translocations
 - Level 1.2 Transmutations
 + Level 17.2 Fire Magic
 - Level 3.0 Ice Magic
 - Level 1.2 Air Magic
 - Level 4.0 Earth Magic
 - Level 1.2 Poison Magic
 - Level 1.0 Evocations


You had 6 spell levels left.
You knew the following spells:

 Your Spells              Type           Power      Damage    Failure   Level
a - Magic Dart            Conj           100%       1d8       0%          1
b - Mephitic Cloud        Conj/Pois/Air  96%        N/A       1%          3
c - Call Imp              Summ           100%       N/A       1%          2
d - Blink                 Tloc           100%       N/A       1%          2
e - Foxfire               Conj/Fire      100%       2x1d9     0%          1
f - Fireball              Conj/Fire      64%        3d24      0%          5
g - Lee's Rapid Deconstr  Erth           31%        3d16*     2%          5
h - Bombard               Conj/Erth      56%        9d9       1%          6
i - Plasma Beam           Fire/Air       40%        2x1d54    1%          6
j - Irradiate             Conj/Tmut      53%        3d29      1%          5
k - Starburst             Conj/Fire      64%        6d17      1%          6
l - Orb of Destruction    Conj           66%        9d16      1%          7
m - Ignition              Fire           51%        3d14      2%          8
n - Fire Storm            Conj/Fire      64%        8d16      19%         9

Your spell library contained the following spells:

 Spells                   Type           Power      Damage    Failure   Level
 Chain Lightning          Conj/Air       53%        3d71      99%         9
 Kiss of Death            Conj/Necr      100%       2d13      0%          1
 Scorch                   Fire           100%       2d9       0%          2
 Searing Ray              Conj           100%       2d8       0%          2
 Flame Wave               Conj/Fire      100%       2d21      0%          4
 Sticky Flame             Conj/Fire      100%       2d11      0%          4
 Apportation              Tloc           100%       N/A       1%          1
 Freeze                   Ice            100%       1d10      1%          1
 Necrotise                Necr           100%       1d9       1%          1
 Slow                     Hex            100%       N/A       1%          1
 Summon Small Mammal      Summ           100%       N/A       1%          1
 Cigotuvi's Dreadful Rot  Necr/Pois/Air  100%       N/A       1%          2
 Ensorcelled Hibernation  Hex/Ice        100%       N/A       1%          2
 Lesser Beckoning         Tloc           100%       N/A       1%          2
 Momentum Strike          Conj/Tloc      100%       3d10      1%          2
 Static Discharge         Conj/Air       100%       3-8/arc   1%          2
 Sublimation of Blood     Necr           51%        N/A       1%          2
 Dazzling Flash           Conj/Hex       100%       N/A       1%          3
 Frozen Ramparts          Ice            100%       1d16      1%          3
 Hailstorm                Conj/Ice       100%       3d20      1%          3
 Ignite Poison            Fire/Tmut/Pois 73%        N/A       1%          3
 Fulminant Prism          Conj/Hex       52%        3d23      1%          4
 Iskenderun's Mystic Bla  Conj/Tloc      100%       2d19      1%          4
 Arcjolt                  Conj/Air       53%        1d63      1%          5
 Conjure Ball Lightning   Conj/Air       53%        3x3d18    1%          6
 Jinxbite                 Hex            88%        N/A       2%          2
 Airstrike                Air            25%        2d(4-20)  2%          4
 Call Canine Familiar     Summ           51%        N/A       3%          3
 Gell's Gravitas          Tloc           51%        N/A       3%          3
 Summon Guardian Golem    Hex/Summ       48%        N/A       3%          3
 Teleport Other           Tloc           51%        N/A       3%          3
 Vampiric Draining        Necr           51%        2d9       3%          3
 Sigil of Binding         Hex            44%        N/A       4%          3
 Tukima's Dance           Hex            44%        N/A       4%          3
 Animate Armour           Summ/Erth      100%       N/A       5%          4
 Petrify                  Tmut/Erth      58%        N/A       5%          4
 Leda's Liquefaction      Hex/Erth       27%        N/A       7%          4
 Summon Ice Beast         Ice/Summ       55%        N/A       7%          4
 Summon Lightning Spire   Summ/Air       51%        N/A       10%         4
 Vhi's Electric Charge    Tloc/Air       100%       N/A       10%         4
 Anguish                  Hex/Necr       24%        N/A       13%         4
 Dimensional Bullseye     Hex/Tloc       24%        N/A       13%         4
 Metabolic Englaciation   Hex/Ice        26%        N/A       24%         5
 Alistair's Intoxication  Tmut/Pois      34%        N/A       26%         5
 Agony                    Necr           51%        N/A       28%         5
 Silence                  Hex/Air        24%        N/A       34%         5
 Simulacrum               Ice/Necr       27%        N/A       71%         6
 Dispersal                Tloc           25%        N/A       83%         6
 Summon Cactus Giant      Summ           25%        N/A       83%         6
 Spellforged Servitor     Conj/Summ      53%        N/A       4%          7
 Ozocubu's Refrigeration  Ice            29%        4d14      65%         7
 Haunt                    Necr/Summ      25%        N/A       100%        7
 Summon Hydra             Summ           25%        N/A       100%        7
 Discord                  Hex            22%        N/A       100%        8
 Disjunction              Tloc           25%        N/A       100%        8
 Maxwell's Capacitive Co  Air            25%        ∞         100%        8
 Polar Vortex             Ice            29%        12d3*     100%        9


Dungeon Overview and Level Annotations

Branches:
Dungeon (15/15)            Temple (1/1) D:6            Lair (5/5) D:10
 Shoals (4/4) Lair:2       Spider (4/4) Lair:2        Slime (0/5) Lair:4
    Orc (2/2) D:12            Elf (3/3) Orc:2        Vaults (0/5) D:14
 Depths (1/4) D:15         Bailey (visited)           IceCv (visited)

Altars:
Ashenzari
Cheibriados
Dithmenos
Elyvilon
Fedhas
Gozag
Hepliaklqana
Kikubaaqudgha
Makhleb
Nemelex Xobeh
Okawaru
Qazlal
Ru
Sif Muna
Trog
Uskayaw
Vehumet
Wu Jian
Xom
Yredelemnul
Zin
The Shining One

Shops:
D:9 *   D:12 !   Orc:2 [=(=   Elf:1 [   Elf:2 [   Elf:3 ==   Shoals:1 (
Shoals:3 *!

Portals:
Hell: Depths:1
Pandemonium: Depths:1
Trove: Elf:1 (give +4 storm dragon scales)

Annotations:
D:14 2 transporters, GreenGuy14's ghost, journeyman MiFi
Orc:1 1 transporter
Elf:2 3 runed translucent doors


Innate Abilities, Weirdness & Mutations

You have supernaturally acute eyesight. (SInv)


Message History

The spark wasp stings itself!!
Unknown command.
Unknown command.
You hit the spark wasp but do no damage.
The spark wasp is almost dead.
The spark wasp bursts into living lightning!
The living lightning hits you! You resist.
A hell rat scurries out from under your cloak.
The spark wasp blinks!
The spark wasp is engulfed in noxious fumes.
The spark wasp barely misses the spark wasp.
Unknown command.
The spark wasp stings you!
* * * LOW HITPOINT WARNING * * *
The spark wasp shocks you. You resist.
* * * LOW HITPOINT WARNING * * *
The spark wasp is engulfed in noxious fumes.
The spark wasp appears confused.
Your hell rat is engulfed in noxious fumes.
Your hell rat appears confused.
Casting: Mephitic Cloud (safe; 1% risk of failure)
Confirm with . or Enter, or press ? or * to list all spells.
Casting: Ignition (dangerous; 2% risk of failure)
Press: ? - help, Dir - look around, f - activate The air bursts into flame!
The fireball engulfs the spark wasp!!
You kill the spark wasp!
Vehumet accepts your kill.
You feel your power returning.
The fireball engulfs the spark wasp!!
The spark wasp is moderately wounded.
The fireball engulfs the spark wasp!
The spark wasp is heavily wounded.
You hear two shouts!
You hear an angry buzzing noise.
The spark wasp stings you!
* * * LOW HITPOINT WARNING * * *
The spark wasp shocks you. You resist.
* * * LOW HITPOINT WARNING * * *
A hell rat scurries out from under your cloak.
Your hell rat is engulfed in noxious fumes.
The spark wasp stings you!
You die...

......~~~~....§§~
........~~....§~~
#........~~~~....
#...r......[.§..~
#..##......(....~
#.~.#.☼○.......§§
#...?.°r#....##..
##....yr☼#$.##[#
.
#......@.....##.#
#...##......##
#†. ... #.......#
.. #. ###.....# #
#.....# ##...#
...# ##..


You could see a spark wasp (ally target) and 3 friendly hell rats.

Vanquished Creatures
  Mara (Elf:3)
  Nikola (Spider:3)
  Asterion (Elf:1)
  2 deep elf blademasters (Elf:3)
  A sphinx (Shoals:4)
  A kraken (Shoals:3)
  2 deep elf master archers (Elf:3)
  The ghost of Eheu the Deadly Accurate, an adept DsFi of Fedhas (Shoals:2)
  Gastronok (D:8)
  Agnes (D:15)
  A tengu reaver (Depths:1)
  A storm dragon (Spider:2)
  Aizul (Elf:3)
  A frost giant (Depths:1)
  4 deep elf sorcerers (Elf:3)
  4 emperor scorpions
  4 ghost moths
  Louise (Shoals:1)
  3 deep elf elementalists (Elf:3)
  8 very ugly things (Depths:1)
  A broodmother (Spider:4)
  4 stone giants
  5 spark wasps
  3 minotaurs (Shoals:4)
  7 deep elf annihilators (Elf:3)
  8 deep elf demonologists
  A merfolk javelineer (Shoals:4)
  8 deep elf death magi
  2 ettins (Depths:1)
  2 merfolk impalers
  3 deep elf high priests (Elf:3)
  5 entropy weavers
  2 fire dragons (Depths:1)
  An ice dragon (Depths:1)
  Erolcha (D:10)
  An ogre mage (D:14)
  6 hydras
  2 alligator snapping turtles
  A merfolk aquamancer (Shoals:4)
  2 catoblepae
  A radroach (Spider:4)
  9 satyrs
  12 dancing weapons
  5 deep troll shamans (Depths:1)
  5 death yaks (Lair:4)
  3 merfolk avatars
  6 centaur warriors
  4 two-headed ogres
  8 demonic crawlers
  5 boulder beetles
  A deep troll earth mage (Depths:2)
  Urug (Orc:2)
  9 hell knights (Depths:1)
  2 occultists (Depths:1)
  8 tengu warriors
  7 orc high priests
  7 deep elf knights
  4 soul eaters (Depths:1)
  4 sun demons (Depths:1)
  A fire crab (D:14)
  Amaemon (Lair:2)
  2 pharaoh ants
  A sun moth (Spider:4)
  4 skysharks
  10 deep trolls
  3 iron trolls (Depths:1)
  9 orb spiders
  A glowing orange brain (Depths:1)
  6 sea snakes
  2 deep elf archers (Elf:1)
  6 orc knights (Orc:2)
  22 deep elf pyromancers
  14 harpies
  5 steelbarb worms
  3 necromancers
  21 wolf spiders
  23 deep elf zephyrmancers
  29 fauns
  A faun (shapeshifter) (Elf:1)
  An oklob plant (Lair:4)
  2 orc sorcerers
  19 manticores
  27 ugly things
  5 cyclopes
  10 elephants
  A moth of wrath (Spider:1)
  An ice statue (IceCv)
  A torpor snail (Spider:3)
  3 water nymphs
  7 merfolk sirens
  A molten gargoyle (Lair:1)
  A black mamba (Lair:5)
  11 cane toads
  3 gargoyles
  4 orange demons
  2 smoke demons (Depths:1)
  2 kobold demonologists
  A hellion (Depths:1)
  A yaktaur (shapeshifter) (D:14)
  An unseen horror (D:13)
  3 freezing wraiths (IceCv)
  10 komodo dragons
  12 ice devils (IceCv)
  An efreet (D:14)
  5 rime drakes
  2 tengu conjurers
  2 anaconda simulacra (IceCv)
  A polar bear (Lair:5)
  28 merfolk
  2 red devils (D:15)
  6 meliai
  A troll (shapeshifter) (Elf:1)
  A queen bee (Lair:2)
  8 trolls
  Prince Ribbit (D:5)
  19 tarantellas
  6 snapping turtles
  5 wind drakes
  4 hornets (Spider:4)
  The ghost of zazu2006 the Shooter, an amateur GnWn (D:6)
  11 blink frogs
  A blink frog (shapeshifter) (D:8)
  A dream sheep (shapeshifter) (D:14)
  8 slime creatures
  25 jumping spiders
  A dire elephant simulacrum (IceCv)
  A vampire (Bailey)
  A shadow (D:10)
  10 wyverns
  10 culicivoras
  2 wraiths (D:14)
  29 yaks
  Eustachio (D:6)
  17 fire bats
  9 water elementals
  6 basilisks
  7 vampire mosquitoes
  2 fire elementals
  4 wargs
  7 death yak simulacra
  A steam dragon (Lair:5)
  41 redbacks
  A harpy simulacrum (IceCv)
  2 acid dragons
  21 water moccasins
  4 hydra simulacra
  35 orc warriors
  A sky beast (D:7)
  4 black bears
  3 ice beasts
  10 wolves
  9 centaurs
  9 ogres
  3 phantoms
  14 kobold brigands
  10 bullfrogs
  2 earth elementals (Elf:3)
  7 scorpions
  A two-headed ogre simulacrum (IceCv)
  4 cane toad simulacra (IceCv)
  15 wights
  45 killer bees
  9 elephant simulacra
  14 electric eels
  8 vampire bats (Bailey)
  4 howler monkeys
  4 wolf zombies (Bailey)
  3 lava snakes
  8 hounds
  4 gnoll boudas
  4 jellies
  29 orc priests
  A sleepcap (D:6)
  9 iguanas
  9 orc wizards
  2 spriggan simulacra (IceCv)
  A hell rat (Lair:2)
  5 polar bear simulacra (IceCv)
  3 wolf simulacra (IceCv)
  19 gnolls
  9 adders
  2 naga simulacra (IceCv)
  7 white imps
  2 hell rat simulacra (D:13)
  An ufetubus (D:5)
  3 worms
  2 dart slugs
  54 orcs
  6 ball pythons
  3 endoplasms
  6 giant cockroaches
  16 goblins
  4 hobgoblins
  4 quokkas
  A bat (D:1)
  26 kobolds
  17 orc zombies (Bailey)
  8 rats
  2 foxfires
  2 tentacles (Shoals:3)
1298 creatures vanquished.

Vanquished Creatures (collateral kills)
  An emperor scorpion (Spider:4)
  Josephine (D:14)
  A two-headed ogre (D:10)
  A merfolk siren (Lair:2)
  A yak (Lair:2)
  2 wraiths (D:14)
  A black bear (D:10)
  2 centaurs (D:14)
  A scorpion (D:10)
  A wight (D:9)
  A killer bee (Lair:2)
  An orc wizard (D:10)
  An orc (D:9)
  A kobold (D:9)
16 creatures vanquished.

Vanquished Creatures (others)
  2 electric eels
  996 foxfires
  2 tentacles (Shoals:3)
1000 creatures vanquished.

Grand Total: 2314 creatures vanquished

Notes
Turn   | Place    | Note
-------+----------+-------------------------------------------
     0 | D:1      | pokeman the Deep Elf Hedge Wizard began the quest for the
                  | Orb.
     0 | D:1      | Reached XP level 1. HP: 10/10 MP: 7/7
   192 | D:1      | Reached XP level 2. HP: 13/16 MP: 3/9
   334 | D:1      | Found a faded altar of an unknown god.
  1061 | D:2      | Reached skill level 5 in Spellcasting
  1107 | D:2      | Noticed an ogre
  1271 | D:2      | Killed an ogre
  1272 | D:2      | Reached skill level 1 in Fighting
  1272 | D:2      | Reached skill level 1 in Armour
  1272 | D:2      | Reached XP level 3. HP: 20/20 MP: 7/12
  1272 | D:2      | Reached XP level 4. HP: 25/25 MP: 7/13
  1276 | D:2      | Learned a level 3 spell: Mephitic Cloud
  1279 | D:2      | Learned a level 2 spell: Call Imp
  1282 | D:2      | Learned a level 2 spell: Blink
  1779 | D:3      | Reached skill level 6 in Spellcasting
  1779 | D:3      | Reached XP level 5. HP: 25/29 MP: 0/15
  1935 | D:3      | Identified the +2 ring mail of Wolouf {Regen+ Str+7 Dex-3
                  | Stlth+}
  2198 | D:3      | Learned a level 5 spell: Irradiate
  2244 | D:3      | Found a shimmering altar of Xom.
  2294 | D:3      | Found a basalt altar of Yredelemnul.
  2296 | D:3      | Noticed a profane servitor
  2306 | D:3      | Found a glowing golden altar of the Shining One.
  2308 | D:3      | Noticed an angel
  2760 | D:4      | Reached skill level 1 in Evocations
  2760 | D:4      | Reached XP level 6. HP: 34/34 MP: 10/17
  2913 | D:4      | Reached skill level 7 in Spellcasting
  2913 | D:4      | Reached skill level 1 in Transmutations
  2913 | D:4      | Reached skill level 1 in Air Magic
  2913 | D:4      | Reached skill level 1 in Poison Magic
  3457 | D:5      | Entered Level 5 of the Dungeon
  3571 | D:5      | Reached XP level 7. HP: 39/39 MP: 17/20
  3793 | D:5      | Reached skill level 8 in Spellcasting
  3901 | D:5      | Reached skill level 9 in Spellcasting
  4051 | D:5      | Reached XP level 8. HP: 37/45 MP: 12/23
  4142 | D:5      | Reached skill level 5 in Conjurations
  4226 | D:5      | Reached skill level 10 in Spellcasting
  4739 | D:5      | Noticed Prince Ribbit
  4758 | D:5      | Killed Prince Ribbit
  4759 | D:5      | Reached skill level 11 in Spellcasting
  4759 | D:5      | Reached XP level 9. HP: 23/50 MP: 13/26
  5031 | D:5      | Found an ornate altar of the Wu Jian Council.
  5407 | D:6      | Found a staircase to the Ecumenical Temple.
  5481 | Temple   | Entered the Ecumenical Temple
  5494 | Temple   | Became a worshipper of Vehumet
  5693 | D:6      | Reached skill level 12 in Spellcasting
  5695 | D:6      | HP: 2/50 [orc wizard/+0 club (3)]
  5888 | D:6      | Noticed a kobold demonologist
  6014 | D:6      | Noticed Eustachio
  6032 | D:6      | Killed Eustachio
  6168 | D:6      | Noticed zazu2006's ghost (amateur GnWn)
  6169 | D:6      | Found a runed translucent gate.
  6169 | D:6      | Found a runed translucent gate.
  6169 | D:6      | Found a runed translucent gate.
  6903 | D:7      | Found a stormy altar of Qazlal.
  7014 | D:7      | Reached * piety under Vehumet
  7014 | D:7      | Offered knowledge of Foxfire by Vehumet.
  7017 | D:7      | Learned a level 1 spell: Foxfire
  7019 | D:7      | Found an opulent altar of Gozag.
  7029 | D:7      | Reached skill level 13 in Spellcasting
  7299 | D:7      | Reached skill level 1 in Fire Magic
  7788 | D:7      | Reached XP level 10. HP: 41/56 MP: 29/29
  8355 | D:8      | Identified the "Efuj"
  8648 | D:8      | Found a blossoming altar of Fedhas.
  8687 | D:8      | Noticed Gastronok
  8801 | D:8      | Killed Gastronok
  8802 | D:8      | Reached skill level 14 in Spellcasting
  8809 | D:8      | Gained mutation: You have supernaturally acute eyesight.
                  | (SInv) [mutagenic glow]
  9042 | D:8      | Reached ** piety under Vehumet
  9071 | D:8      | Offered knowledge of Static Discharge by Vehumet.
  9416 | D:8      | Found the +2 ratskin cloak {*Rats rPois rN+ Str-1 Int-1
                  | Dex+1}
  9689 | D:9      | Found a snail-covered altar of Cheibriados.
  9935 | D:9      | Reached skill level 15 in Spellcasting
 10027 | D:9      | Reached skill level 5 in Fighting
 10211 | D:9      | Found Loryczots's General Store.
 10219 | D:9      | Bought a potion of mutation for 112 gold pieces
 10331 | D:9      | Reached XP level 11. HP: 63/63 MP: 28/32
 10333 | D:9      | Offered knowledge of Frozen Ramparts by Vehumet.
 10625 | D:10     | Entered Level 10 of the Dungeon
 10629 | D:10     | Reached *** piety under Vehumet
 10707 | D:10     | Reached skill level 5 in Fire Magic
 10758 | D:10     | Found a flagged portal.
 10771 | D:10     | Offered knowledge of Iskenderun's Mystic Blast by Vehumet.
 10817 | Bailey   | Entered a bailey
 10948 | Bailey   | Reached **** piety under Vehumet
 11073 | Bailey   | Offered knowledge of Lee's Rapid Deconstruction by Vehumet.
 11095 | Bailey   | Learned a level 5 spell: Lee's Rapid Deconstruction
 11260 | Bailey   | Identified the +11 battleaxe "Xaoxt" {pain, rPois rC+ Str-4
                  | Int+5 Dex-2}
 11265 | Bailey   | Identified the +0 leather armour "Qatzauc" {Will+ Stlth+}
 11404 | D:10     | Found a staircase to the Lair.
 11473 | D:10     | Noticed Erolcha
 11481 | D:10     | Killed Erolcha
 11482 | D:10     | Reached skill level 1 in Necromancy
 11482 | D:10     | Reached skill level 1 in Earth Magic
 11551 | D:10     | Noticed a two-headed ogre
 11567 | D:10     | Killed a two-headed ogre
 11568 | D:10     | Reached skill level 16 in Spellcasting
 11659 | D:10     | Found a hide-covered altar of Uskayaw.
 12036 | D:10     | Found an iron altar of Okawaru.
 12181 | D:11     | Learned a level 6 spell: Bombard
 12312 | D:11     | Noticed a two-headed ogre
 12321 | D:11     | Killed a two-headed ogre
 12453 | D:11     | Noticed a boulder beetle
 12542 | D:11     | Killed a boulder beetle
 12936 | D:11     | Noticed a two-headed ogre
 12950 | D:11     | Killed a two-headed ogre
 13451 | D:12     | Reached skill level 10 in Conjurations
 13451 | D:12     | Reached XP level 12. HP: 70/70 MP: 16/34
 13911 | D:12     | Noticed a centaur warrior
 13921 | D:12     | Killed a centaur warrior
 13922 | D:12     | Reached skill level 17 in Spellcasting
 14097 | D:12     | Found a staircase to the Orcish Mines.
 14566 | D:12     | Found a shadowy altar of Dithmenos.
 14678 | D:12     | Found Missoippaen's Distillery.
 14685 | D:12     | Bought a potion of curing for 36 gold pieces
 14685 | D:12     | Bought a potion of curing for 36 gold pieces
 14760 | D:13     | Noticed a boulder beetle
 14772 | D:13     | Killed a boulder beetle
 14877 | D:13     | Reached skill level 5 in Armour
 15145 | D:13     | Noticed a centaur warrior
 15154 | D:13     | Killed a centaur warrior
 15163 | D:13     | Noticed a tengu warrior
 15310 | D:13     | Killed a tengu warrior
 15403 | D:13     | Noticed an eight-headed hydra
 15408 | D:13     | Killed an eight-headed hydra
 15409 | D:13     | Reached skill level 18 in Spellcasting
 15478 | D:13     | Noticed a six-headed hydra
 15482 | D:13     | Reached ***** piety under Vehumet
 15482 | D:13     | Offered knowledge of Plasma Beam by Vehumet.
 15491 | D:13     | Killed a six-headed hydra
 15845 | D:13     | You fall into a shaft and drop 2 floors!
 15845 | D:15     | Entered Level 15 of the Dungeon
 16090 | D:13     | Identified the +3 hand axe of Weak Guile {flame, rF+ rCorr}
 16731 | D:14     | Reached XP level 13. HP: 70/74 MP: 24/37
 17064 | D:14     | Noticed Josephine
 17099 | D:14     | Killed Josephine
 17215 | D:14     | Reached skill level 19 in Spellcasting
 17832 | D:14     | Reached skill level 1 in Shields
 17989 | D:14     | Noticed GreenGuy14's ghost (journeyman MiFi)
 17990 | D:14     | Found a bloodstained altar of Trog.
 17996 | D:14     | Found a transporter.
 17999 | D:14     | Found a transporter.
 17999 | D:14     | Noticed an orc warlord
 18028 | D:14     | Found a gate to the Vaults.
 18240 | D:14     | Learned a level 6 spell: Plasma Beam
 18424 | D:6      | Killed zazu2006's ghost
 19160 | D:15     | Reached skill level 20 in Spellcasting
 19719 | D:15     | Found a staircase to the Depths.
 19719 | D:15     | Noticed a stone giant
 20025 | D:15     | Noticed Agnes
 20123 | D:15     | Killed Agnes
 20124 | D:15     | Reached XP level 14. HP: 70/80 MP: 10/40
 20270 | D:15     | Offered knowledge of Conjure Ball Lightning by Vehumet.
 20271 | D:15     | Reached skill level 10 in Fire Magic
 20512 | D:15     | Killed a stone giant
 20876 | Lair:1   | Entered Level 1 of the Lair of Beasts
 22341 | Lair:2   | Noticed Amaemon
 22351 | Lair:2   | Killed Amaemon
 22352 | Lair:2   | Reached skill level 21 in Spellcasting
 22645 | Lair:2   | Found a hole to the Spider Nest.
 22707 | Lair:2   | Found a frozen archway.
 22734 | IceCv    | Entered an ice cave
 23190 | IceCv    | Offered knowledge of Spellforged Servitor by Vehumet.
 23534 | IceCv    | Identified the +0 pair of boots of Unreason {Will- Regen+
                  | Dex+3}
 23564 | IceCv    | Found an ancient bone altar of Kikubaaqudgha.
 25241 | Lair:2   | Reached skill level 5 in Shields
 25460 | Lair:2   | Offered knowledge of Fireball by Vehumet.
 25825 | Lair:2   | Learned a level 5 spell: Fireball
 25890 | Lair:2   | Found a staircase to the Shoals.
 26439 | Lair:3   | Reached skill level 22 in Spellcasting
 26443 | Lair:3   | Reached XP level 15. HP: 84/84 MP: 28/43
 26733 | Lair:3   | Identified the +3 scale mail of Yskar {+Inv Will++}
 27447 | Lair:4   | Found a glowing silver altar of Zin.
 27586 | Lair:4   | Found a staircase to the Slime Pits.
 28913 | Lair:5   | Entered Level 5 of the Lair of Beasts
 29449 | Lair:5   | Found the ring of the Octopus King
 29785 | Lair:5   | Identified a ring of the Octopus King {HP+2 AC+2 EV+2 SH+2
                  | SInv}
 30595 | Orc:1    | Entered Level 1 of the Orcish Mines
 30633 | Orc:1    | Offered knowledge of Yara's Violent Unravelling by Vehumet.
 30757 | Orc:1    | Found a bloodstained altar of Trog.
 30757 | Orc:1    | Found the necklace of Bloodlust {Fury *Rage Will++ Int-3
                  | Slay+6}
 30859 | Orc:2    | Entered Level 2 of the Orcish Mines
 30873 | Orc:2    | Reached skill level 23 in Spellcasting
 31436 | Orc:1    | Found a transporter.
 31679 | Orc:2    | Noticed Urug
 31681 | Orc:2    | Killed Urug
 32056 | Orc:2    | Found a staircase to the Elven Halls.
 32719 | Orc:2    | Offered knowledge of Starburst by Vehumet.
 32849 | Orc:2    | Found Gurri's Jewellery Emporium.
 32852 | Orc:2    | Found Wac Irra's Jewellery Emporium.
 32853 | Orc:2    | Found Ivaerueh's Antique Armour Emporium.
 32854 | Orc:2    | Found Gyloabou's Weapon Shoppe.
 32861 | Orc:2    | Bought the ring "Curch" {Fly rF+ Str+2} for 464 gold pieces
 32864 | Orc:2    | Bought the amulet of the Four Winds {rN+ Will+++ Clar} for
                  | 971 gold pieces
 32864 | Orc:2    | Found the amulet of the Four Winds {rN+ Will+++ Clar}
 32968 | Orc:2    | Learned a level 6 spell: Starburst
 33201 | Spider:1 | Entered Level 1 of the Spider Nest
 33546 | Spider:1 | Reached XP level 16. HP: 88/88 MP: 41/45
 34609 | Spider:2 | Noticed Arachne
 34610 | Spider:2 | Arachne changed into Arachne the storm dragon
 34610 | Spider:2 | Noticed Arachne
 34614 | Spider:2 | Killed Arachne the storm dragon
 34647 | Spider:2 | Reached skill level 24 in Spellcasting
 35480 | Spider:3 | Noticed Nikola
 35486 | Spider:3 | Killed Nikola
 35622 | Spider:3 | Reached skill level 15 in Conjurations
 36917 | Spider:4 | Entered Level 4 of the Spider Nest
 37140 | Spider:4 | Offered knowledge of Orb of Destruction by Vehumet.
 37151 | Spider:3 | Learned a level 7 spell: Orb of Destruction
 37988 | Spider:4 | Reached skill level 25 in Spellcasting
 38274 | Spider:4 | Reached XP level 17. HP: 93/93 MP: 48/48
 38673 | Spider:4 | Identified the +0 hat of Distant Worlds {Harm rN++ Int+3
                  | Stlth+}
 38683 | Spider:4 | Got a gossamer rune of Zot
 38948 | Shoals:1 | Entered Level 1 of the Shoals
 39207 | Shoals:1 | Noticed Louise
 39311 | Shoals:1 | Killed Louise
 39779 | Shoals:1 | Found Liomad's Firing Range.
 40939 | Shoals:2 | Found a runed translucent door.
 40966 | Shoals:2 | Noticed Eheu's ghost (adept DsFi)
 41480 | Shoals:2 | Killed Eheu's ghost
 41612 | Shoals:2 | Identified the +4 quarterstaff of Taqomex {freeze, Str+2}
 41720 | Shoals:3 | Found Yqops's Distillery.
 41731 | Shoals:3 | Reached skill level 26 in Spellcasting
 41838 | Shoals:3 | Reached ****** piety under Vehumet
 41938 | Shoals:3 | Found Nuoruj's Assorted Antiques.
 42418 | Shoals:3 | Offered knowledge of Fire Storm by Vehumet.
 42418 | Shoals:3 | Offered knowledge of Chain Lightning by Vehumet.
 42418 | Shoals:3 | Offered knowledge of Ignition by Vehumet.
 42428 | Shoals:3 | Learned a level 8 spell: Ignition
 42438 | Shoals:3 | Learned a level 9 spell: Fire Storm
 42687 | Shoals:3 | Noticed a kraken
 42691 | Shoals:3 | Killed a kraken
 42815 | Shoals:4 | Entered Level 4 of the Shoals
 43573 | Shoals:4 | Reached skill level 15 in Fire Magic
 43587 | Shoals:4 | Reached XP level 18. HP: 98/98 MP: 39/50
 43848 | Shoals:4 | Identified the +0 ring mail "Diduran" {rElec rC+}
 44006 | Shoals:4 | Identified the staff "Zienati" {rPois rC- Str+5 Stlth+
                  | Poison}
 44054 | Shoals:4 | Got a barnacled rune of Zot
 44696 | Vaults:5 | Identified the "Ficaow"
 44696 | Vaults:5 | Identified the "Lanoen"
 44696 | Crypt:3  | Identified the of Ufammiro
 44696 | Depths:1 | Entered Level 1 of the Depths
 45010 | Depths:2 | Identified the "Jiaxe"
 45010 | WizLab   | Identified the of Nikusch
 45010 | Elf:1    | Identified the "Rianemn"
 45010 | Elf:1    | Entered Level 1 of the Elven Halls
 45232 | Elf:1    | Reached skill level 27 in Spellcasting
 45647 | Elf:1    | Identified the +2 cloak of the Moon {Harm}
 45721 | Elf:1    | Noticed Asterion
 45728 | Elf:1    | Killed Asterion
 46278 | Elf:1    | Found a portal to a secret trove of treasure.
 46518 | Elf:1    | Found Keroshril's Armour Boutique.
 46676 | Elf:2    | Reached skill level 1 in Ice Magic
 46842 | Elf:2    | Identified a scroll of acquirement
 47095 | Elf:2    | Found Xufig's Armour Shoppe.
 47208 | Elf:2    | Identified the +6 orcbow of the Final Dances {freeze, rC+
                  | Dex+6}
 47377 | Elf:2    | Found a runed translucent gate.
 47378 | Elf:2    | Found a runed translucent gate.
 47378 | Elf:2    | Found a runed translucent gate.
 47506 | Elf:3    | Identified the "Zetevvuc"
 47506 | Elf:3    | Entered Level 3 of the Elven Halls
 47703 | Elf:3    | Identified the serpent talisman "Yrer" {rN++ Int-5}
 47703 | Elf:3    | Noticed Aizul
 47710 | Elf:3    | Killed Aizul
 48014 | Elf:3    | Noticed Mara
 48019 | Elf:3    | Noticed pokeman's illusion
 48024 | Elf:3    | Killed Mara
 48976 | Elf:3    | Identified the -1 buckler of Evolution {Str+5}
 49050 | Elf:3    | Identified the +1 demon whip of Absolution {vamp, *Corrode
                  | rF++}
 49050 | Elf:3    | Identified the ring of Qaukhleke {rF+ rN++ MP+9 Str+3
                  | Stlth-}
 49110 | Elf:3    | Reached XP level 19. HP: 106/106 MP: 52/52
 49209 | Elf:3    | Identified the +9 rapier "Plog" {heavy, Int+2}
 49209 | Elf:3    | Identified the amulet of Gluttony {Spirit +Blink Stlth+}
 49214 | Elf:3    | Noticed a Tzitzimitl
 49225 | Elf:3    | Identified the +5 hand axe of the Hero {freeze, rPois rN+
                  | Int+3 Dex-2}
 49553 | Elf:3    | Identified the +0 helmet "Amugh" {rElec}
 49769 | Elf:3    | Acquired 728 gold pieces
 50393 | Elf:3    | Found Fovyawn's Book Shop.
 50393 | Elf:3    | Found Voriaf's Jewellery Shoppe.
 50395 | Elf:3    | Found Nopor's Jewellery Shoppe.
 52563 | Depths:1 | Found a one-way gate leading to the halls of Pandemonium.
 52648 | Depths:1 | Found a gateway to Hell.
 53582 | Depths:1 | You are sucked into a shaft and drop 1 floor!
 53599 | Depths:2 | Slain by a spark wasp

Illustrated notes

Levels and vault maps discovered:
D:1:      lightli_arrival_flooded_house, layout_basic,
          ebering_ecumenical_altar_rust, st_stairs_2
D:2:      layout_rooms
D:3:      layout_basic, mainiacjoe_overflow_alcove_4,
          grunt_temple_overflow_holy_war, minmay_unequal
D:4:      layout_loops_ring
D:5:      minmay_polygon_palace, layout_loops_ring, nzn_wu_jian_contemplation,
          uniq_prince_ribbit1
D:6:      layout_loops_ring, minmay_temple_entry_junction,
          gammafunk_ghost_nasty_kobolds, kennysheep_boxes, uniq_eustachio
D:7:      cheibrodos_two_vegetables, layout_basic,
          mainiacjoe_overflow_catwalk_spiral, st_stairs_3
D:8:      layout_rooms, fedhas_ov_isle_minmay, hangedman_decor_points,
          minivault_10, uniq_gastronok
D:9:      layout_basic, mainiacjoe_overflow_catwalk, serial_shops, shop
D:10:     layout_loops_ring, nicolae_overflow_hidden_temple,
          mainiacjoe_overflow_small_starburst, due_lair_maze_entry_diamond,
          enter_bailey_5, uniq_erolcha
D:11:     layout_loops_ring
D:12:     layout_basic, david_orc_1_choice, serial_shops, shop,
          grunt_dithmenos_smoke
D:13:     layout_gridville, eino_house_with_fridge
D:14:     layout_rooms, david_vaults_2, nicolae_the_louvre,
          gammafunk_ghost_wrathful_warriors, minmay_strange_pillars,
          grunt_decor_resistance, uniq_josephine
D:15:     grunt_enter_depths_snipers, layout_loops_ring, roderic_roman_lattice,
          minmay_beelzebubs_servants, uniq_agnes
Temple:   nicolae_temple_ecumenical_triangle
Lair:1:   layout_chaotic_city
Lair:2:   regret_index_bee_streams, layout_gridlike, elwin_shoals_entry_stream,
          nicolae_spider_entry_tight_spaces, portal_ice_cave_entry_pillars_2,
          uniq_amaemon
Lair:3:   layout_roguey, grunt_forest_small_clearings
Lair:4:   layout_roguey, slime_entry_1, lemuel_oklob_altar,
          infiniplex_staircase_pool_2, serial_bayou_shore_b
Lair:5:   gammafunk_lair_ancient_temple, layout_gridlike
Shoals:1: layout_shoals, nicolae_shop_firing_range, uniq_louise
Shoals:2: layout_shoals, ebering_ghost_reflecting_pool
Shoals:3: layout_shoals, serial_shops, shop, nicolae_take_the_stairs
Shoals:4: shoals_end_hellmonk_lost_city
Spider:1: layout_spider_delve, nicolae_spider_webs_and_nodes,
          hangedman_spider_tarantella_strand
Spider:2: layout_spider_delve, uniq_arachne
Spider:3: layout_spider_delve, nicolae_spider_cling_halls, uniq_nikola
Spider:4: spider_rune_water
Orc:1:    emtedronai_trogs_sanctum, layout_diamond_mine
Orc:2:    st_orc_pillars, layout_diamond_mine, uniq_urug
Elf:1:    minmay_elf_arrival_plus, layout_loops_corners,
          nicolae_trove_entry_crystal, serial_shops, shop,
          minmay_elf_demonology, grunt_megastairs_3, uniq_asterion
Elf:2:    nicolae_elf_blades_crystal_corner, layout_loops_cross, serial_shops,
          nicolae_stop_n_shop_1, minmay_fountain_box, corexii_leaking_fountain,
          nicolae_elevator_lobby_asterisk
Elf:3:    grunt_elf_hall_branching, layout_geoelf_castle, minmay_shop_grove,
          uniq_mara, uniq_aizul
Depths:1: layout_gridlike, rand_demon_pan_entry_9, hellmouth_3,
          kennysheep_potato
Depths:2: hourglass_vault, layout_cave_pools, enter_ziggurat_a,
          chequers_big_river, pan_entry, hell_entry, kennysheep_generic_room_3,
          uniq_grunn

Skill      XL: |  1  2  3  4  5  6  7  8  9 10 11 12 13 14 15 16 17 18 19 |
---------------+----------------------------------------------------------+-----
Spellcasting   | 5 6 7 9 11 13 15 16 18 20 22 23 25 26 27 | 27.0
Fighting       | 1 2 3 5 6 7 8 |  8.9
Armour         | 1 2 4 5 6 7 9 |  9.4
Conjurations   | 2 3 4 6 7 8 10 11 12 13 14 15 16 18 20 | 20.1
Stealth        | 3 |  3.0
Dodging        | 3 |  3.0
Evocations     | 1 |  1.0
Transmutations | 1 |  1.2
Air Magic      | 1 |  1.2
Poison Magic   | 1 |  1.2
Fire Magic     | 1 4 6 8 9 11 12 13 15 16 17 | 17.2
Necromancy     | 1 |  1.1
Earth Magic    | 3 4 |  4.0
Shields        | 2 5 6 7 |  7.0
Ice Magic      | 3 |  3.0
Summonings     | |  1.1
Translocations | |  1.1

Action                     |  1- 3 |  4- 6 |  7- 9 | 10-12 | 13-15 | 16-18 | 19-21 || total
---------------------------+-------+-------+-------+-------+-------+-------+-------++-------
  Melee: Dagger            |    10 |    41 |   197 |    70 |       |       |       ||   318
         Short sword       |     9 |       |       |       |       |       |       ||     9
         Punch             |       |     1 |     4 |     1 |       |       |       ||     6
         Battleaxe         |       |       |       |    42 |       |       |       ||    42
         Staff             |       |       |       |    16 |   105 |     1 |     3 ||   125
   Cast: Magic Dart        |    61 |   106 |   203 |     7 |    35 |     3 |     1 ||   416
         Mephitic Cloud    |       |     6 |    41 |    44 |    48 |     2 |     2 ||   143
         Call Imp          |       |       |     5 |     2 |     2 |     1 |       ||    10
         Blink             |       |       |     1 |     3 |     6 |     4 |     1 ||    15
         Foxfire           |       |       |    23 |   372 |   168 |       |       ||   563
         Irradiate         |       |       |       |    18 |    25 |     1 |       ||    44
         Lee's Rapid Decon |       |       |       |    65 |   115 |       |    11 ||   191
         Bombard           |       |       |       |    18 |    70 |    37 |    52 ||   177
         Plasma Beam       |       |       |       |       |    50 |       |       ||    50
         Fireball          |       |       |       |       |   249 |   572 |   116 ||   937
         Starburst         |       |       |       |       |     3 |    24 |    18 ||    45
         Orb of Destructio |       |       |       |       |       |    18 |     3 ||    21
         Ignition          |       |       |       |       |       |       |     8 ||     8
  Evoke: Wand              |       |       |       |       |     8 |     1 |       ||     9
    Use: Scroll            |       |       |       |    12 |    10 |     7 |     2 ||    31
   Stab: Sleeping          |     1 |       |       |       |       |       |       ||     1
         Confused          |       |     4 |    21 |    15 |    12 |       |       ||    52
         Distracted        |       |     1 |     1 |       |       |       |       ||     2
 Armour: Robe              |     7 |     6 |       |       |       |       |       ||    13
         Leather armour    |       |     9 |   135 |   218 |   261 |   106 |     7 ||   736
         Ring mail         |       |       |       |       |       |       |    20 ||    20
  Dodge: Dodged            |    10 |    32 |   193 |   182 |   185 |    33 |    13 ||   648
  Block: Other             |       |       |       |    40 |    75 |       |       ||   115
         Reflection        |       |       |       |     8 |     8 |       |       ||    16
         Buckler           |       |       |       |       |     9 |    26 |     2 ||    37

Table legend: (Time is in decaauts)
 A = Elapsed time spent in this place.
 B = Non-inter-level travel time spent in this place.
 C = Inter-level travel time spent in this place.
 D = Time resting spent in this place.
 E = Time spent auto-exploring this place.
 F = Levels seen in this place.
 G = Mean time per level.
                   A        B        C        D        E       F      G
               +--------+--------+--------+--------+--------+-----+--------+
         Total |  53878 |  48717 |   5161 |   5710 |  35153 |  38 | 1417.8 |
       Dungeon |  22034 |  19057 |   2977 |   1029 |  14869 |  15 | 1468.9 |
        Temple |    320 |    293 |     27 |     71 |      0 |   1 |  320.0 |
          Lair |   7868 |   7209 |    659 |    972 |   5205 |   5 | 1573.6 |
        Shoals |   4950 |   4775 |    175 |    500 |   3558 |   4 | 1237.5 |
   Spider Nest |   5302 |   4764 |    538 |   1006 |   3075 |   4 | 1325.5 |
  Orcish Mines |   2923 |   2567 |    356 |    666 |   1602 |   2 | 1461.5 |
   Elven Halls |   5189 |   4764 |    425 |    475 |   3537 |   3 | 1729.7 |
        Depths |   2556 |   2554 |      2 |    595 |   1568 |   2 | 1278.0 |
        Bailey |    523 |    523 |      0 |      5 |    253 |   1 |  523.0 |
      Ice Cave |   2208 |   2208 |      0 |    391 |   1485 |   1 | 2208.0 |
               +--------+--------+--------+--------+--------+-----+--------+

Top non-repeatable levels by time:
   Elf:3: 2759 daAuts
Depths:1: 2539 daAuts
    D:13: 2236 daAuts
   IceCv: 2208 daAuts
  Lair:2: 2128 daAuts
    D:15: 2121 daAuts
  Lair:1: 2089 daAuts
   Orc:2: 1924 daAuts
     D:6: 1902 daAuts
     D:7: 1837 daAuts
     D:5: 1714 daAuts
    D:14: 1636 daAuts
Spider:1: 1555 daAuts
     D:9: 1546 daAuts
    D:12: 1483 daAuts
